 Dungeon Crawl Stone Soup version 0.21.0-3-g78d12a8bdd (webtiles) character file.

123 NullDivider the Charlatan (level 4, -2/23 HPs)
             Began as a Spriggan Artificer on Jan 17, 2018.
             Hit by a stone thrown by a gnoll (8 damage)
             ... on level 3 of the Dungeon.
             The game lasted 00:12:22 (2824 turns).

NullDivider the Charlatan (Spriggan Artificer)      Turns: 2824, Time: 00:12:23

Health: -2/23      AC:  2    Str:  8    XL:     4   Next: 80%
Magic:  8/8        EV: 19    Int: 12    God:
Gold:   255        SH:  0    Dex: 17    Spells: 3/3 levels left

rFire    . . .     SeeInvis +   l - +3 dagger
rCold    . . .     Gourm    .   (shield restricted)
rNeg     . . .     Faith    .   b - +0 robe
rPois    .         Spirit   .   (helmet restricted)
rElec    .         Reflect  .   (no cloak)
rCorr    .         Harm     .   (gloves unavailable)
MR       .....                  (boots unavailable)
Stlth    ++........             (no amulet)
HPRegen  0.07/turn              (no ring)
MPRegen  0.11/turn              (no ring)

@: very quick
A: very small, unfitting armour, see invisible, herbivore, speed 3, slow
metabolism 2
a: no special abilities


You were on level 3 of the Dungeon.
You were not hungry.

You visited 1 branch of the dungeon, and saw 3 of its levels.

You collected 255 gold pieces.

Inventory:

Hand Weapons
 l - a +3 dagger (weapon)
Armour
 b - a +0 robe (worn)
Wands
 c - a wand of flame (8)
 d - a wand of enslavement (11)
 e - a wand of random effects (15)
Scrolls
 h - 4 scrolls of teleportation {unknown}
 i - a scroll of enchant armour {unknown}
 j - 4 scrolls of identify {unknown}
 m - a scroll of blinking {unknown}
 r - a scroll of remove curse {unknown}
Potions
 a - 2 potions of haste {unknown}
 g - a potion of mutation {unknown}
 k - a potion of agility {unknown}
 n - a potion of degeneration {unknown}
 o - a potion of curing {unknown}
 p - a potion of lignification {unknown}
 q - a potion of resistance {unknown}
Comestibles
 f - 8 rations


   Skills:
 * Level 2.2 Fighting
 + Level 2.2 Short Blades
 + Level 4.0 Dodging
 + Level 3.2 Stealth
 + Level 4.8 Evocations


You had 3 spell levels left.
You didn't know any spells.

Dungeon Overview and Level Annotations

Branches:
Dungeon (3/15)

Altars:
Dithmenos


Innate Abilities, Weirdness & Mutations

You are very small and have problems with some larger weapons.
You are too small for most types of armour.
You have supernaturally acute eyesight. (SInv)
You are a herbivore.
You cover ground extremely quickly.
You need consume almost no food.


Message History

The gnoll is almost dead.
The gnoll barely misses you.
You hit the gnoll.
The gnoll is almost dead.
The gnoll hits you!
* * * LOW HITPOINT WARNING * * *
You hit the gnoll.
You kill the gnoll!
Your Dodging skill increases to level 4!
Evoke which item? (* to show all) (? for menu, Esc to quit)
Aiming: Enslavement
Press: ? - help, Shift-Dir - straight line, f - gnoll
Aim: a gnoll, wielding a club (chance to defeat MR: 68%)
The gnoll is charmed.
The gnoll throws a stone.
The stone hits your gnoll but does no damage.
The gnoll throws a stone.
The stone closely misses your gnoll. The stone misses you.
The gnoll throws a stone.
The stone barely misses your gnoll. The stone hits you!
You die...

#.#......##.#
#(#...#######†#
#.##.## #.#
#(##.########.####
#.##....[.........
#.##.########.####
#.##.# #.# #
#.##.# #.. ..
#@##.# #..###
#g##(###### #.. .
#g.............#.#
####....g.#### .#
#...##.# ###.# #
.# .# .#


You could see a gnoll and a friendly gnoll.

Vanquished Creatures
  An orc wizard (D:3)
  A gnoll (D:3)
  3 adders (D:2)
  A dart slug (D:1)
  3 leopard geckos
  2 orcs (D:3)
  5 bats
  2 giant cockroaches
  8 hobgoblins
  6 jackals
  8 kobolds
  A frilled lizard (D:2)
  7 goblins
  7 rats
55 creatures vanquished.

Vanquished Creatures (collateral kills)
  An orc (D:3)
1 creature vanquished.

Vanquished Creatures (others)
  An orc priest (D:3)
  An adder (D:2)
2 creatures vanquished.

Grand Total: 58 creatures vanquished

Notes
Turn   | Place    | Note
-------+----------+-------------------------------------------
     0 | D:1      | NullDivider the Spriggan Artificer began the quest for the Orb.
     0 | D:1      | Reached XP level 1. HP: 9/9 MP: 4/4
   118 | D:1      | Reached skill level 1 in Fighting
   333 | D:1      | Reached XP level 2. HP: 14/14 MP: 6/6
   882 | D:2      | Reached XP level 3. HP: 18/18 MP: 7/7
  1320 | D:2      | Found a shadowy altar of Dithmenos.
  1811 | D:2      | Reached XP level 4. HP: 18/23 MP: 8/8
  2824 | D:3      | Hit by a stone thrown by a gnoll

Skill      XL: |  1  2  3  4 |
---------------+-------------+-----
Fighting       | 1 2 |  2.2
Stealth        | 2 3 |  3.2
Short Blades   | 2 |  2.2
Dodging        | 4 |  4.0
Evocations     | |  4.8

Action                   |  1- 3 |  4- 6 || total
-------------------------+-------+-------++-------
Melee: Short sword       |    39 |       ||    39
       Dagger            |    62 |    85 ||   147
Evoke: Wand              |     8 |     3 ||    11
 Stab: Sleeping          |     6 |     1 ||     7
Armor: Robe              |     5 |     4 ||     9
Dodge: Dodged            |    83 |    60 ||   143
